 Dungeon Crawl Stone Soup version 0.20-a0-1078-g4874019 (webtiles) character file.

145 AAAAA the Stinger (level 5, -1/31 HPs)
             Began as an Octopode Venom Mage on Apr 30, 2017.
             Was an Initiate of Vehumet.
             Slain by an ogre
             ... wielding a +0 giant spiked club
              (30 damage)
             ... on level 3 of the Dungeon.
             The game lasted 00:04:05 (1990 turns).

AAAAA the Stinger (Octopode Venom Mage)             Turns: 1990, Time: 00:04:06

Health: -1/31      AC:  1    Str:  7    XL:     5   Next: 27%
Magic:  0/9        EV: 13    Int: 18    God:    Vehumet [......]
Gold:   111        SH:  0    Dex: 13    Spells: 7/10 levels left

rFire    . . .     SeeInvis .   i - +1 dagger (venom)
rCold    . . .     Gourm    .   (no shield)
rNeg     . . .     Faith    .   (helmet restricted)
rPois    .         Spirit   .   (no amulet)
rElec    .         Reflect  .   (no ring)
rCorr    .         Harm     .   (no ring)
MR       .....                  (no ring)
Stlth    +++.......             (no ring)
Regen    0.1/turn               (no ring)
MPRegen  0.2/turn               (no ring)
                                (no ring)
                                (no ring)

@: very slightly contaminated
A: almost no armour, stealthy swim, amphibious, 8 rings, constrict 8, camouflage
1, gelatinous body 1
a: Renounce Religion


You were on level 3 of the Dungeon.
You worshipped Vehumet.
Vehumet was noncommittal.
You were hungry.

You visited 1 branch of the dungeon, and saw 3 of its levels.

You collected 111 gold pieces.

Inventory:

Hand Weapons
 i - a +1 dagger of venom (weapon)
Missiles
 j - 27 stones (quivered)
Jewellery
 f - a +2 ring of strength {unknown}
 h - an uncursed amulet of harm {unknown}
Scrolls
 e - 2 scrolls of identify {unknown}
 g - 2 scrolls of remove curse {unknown}
 k - a scroll of enchant weapon {unknown}
Potions
 c - a potion of resistance {unknown}
 d - a potion of agility {unknown}
 m - a potion of magic {unknown}
 n - a potion of haste {unknown}
 o - a potion of curing {unknown}
Books
 a - a Young Poisoner's Handbook

   Spells                             Type                      Level
   a - Sting                          Conjuration/Poison           1
   b - Poisonous Vapours              Poison/Air                   2
   c - Mephitic Cloud                 Conjuration/Poison/Air       3
   d - Olgreb's Toxic Radiance        Poison                       4
   e - Venom Bolt                     Conjuration/Poison           5
Comestibles
 b - 2 bread rations
 l - 2 royal jellies
 p - 2 chunks of flesh


   Skills:
 - Level 2.0 Dodging
 - Level 2.6 Stealth
 + Level 3.0 Spellcasting
 + Level 3.1 Conjurations
 + Level 4.9 Poison Magic


You had 7 spell levels left.
You knew the following spells:

 Your Spells              Type           Power        Failure   Level  Hunger
a - Sting                 Conj/Pois      ###.         3%          1    None
b - Poisonous Vapours     Pois/Air       ##....       9%          2    ##.....


Dungeon Overview and Level Annotations

Branches:
Dungeon (3/15)

Altars:
Vehumet


Innate Abilities, Weirdness & Mutations

You cannot wear most types of armour.
You are very stealthy in the water. (Stealth+)
You are amphibious.
You can wear up to eight rings at the same time.
You can use your tentacles to constrict eight enemies at once.
Your skin changes colour to match your surroundings (Stealth+).
Your rubbery body absorbs attacks. (AC +1, EV +1)


Message History

The ogre is lightly wounded.
Casting: Sting
Confirm with . or Enter, or press ? or * to list all spells.
Aiming: Poisonous Vapours
Press: ? - help, Dir - move target cursor, f/p - ogre
Aim: an ogre, wielding a giant spiked club (lightly wounded, poisoned)
You miscast Poisonous Vapours.
You are blasted with air!
You see here a chunk of flesh.
Casting: Poisonous Vapours
Confirm with . or Enter, or press ? or * to list all spells.
Aiming: Sting
Press: ? - help, Shift-Dir - straight line, f/p - ogre
Aim: an ogre, wielding a giant spiked club (moderately wounded, poisoned)
The sting misses the ogre.
You hit the ogre but do no damage.
The ogre looks even sicker.
You squeeze the ogre!
The ogre is heavily wounded.
The ogre hits you with a giant spiked club!!
Ouch! That really hurt!
You die...

# #..# #.. .#
#.##..#+#.###?###.#
..................
#......%....†...
#.....###)......
#.....# .......
#.....# .......
#.O#+## .......
#.@# .%..... #.<#
....... #.##
....... #. #. #. #.
#. #.


You could see an ogre.

Vanquished Creatures
  Jessica (D:2)
  8 adders
  A dart slug (D:2)
  A leopard gecko (D:1)
  An orc (D:3)
  4 ball pythons
  3 bats
  5 giant cockroaches
  4 goblins (D:1)
  7 hobgoblins
  5 kobolds
  A quokka (D:2)
  5 rats
46 creatures vanquished.

Vanquished Creatures (others)
  5 toadstools (D:1)
5 creatures vanquished.

Grand Total: 51 creatures vanquished

Notes
Turn   | Place    | Note
-------+----------+-------------------------------------------
     0 | D:1      | AAAAA the Octopode Venom Mage began the quest for the Orb.
     0 | D:1      | Reached XP level 1. HP: 11/11 MP: 3/3
   148 | D:1      | Reached XP level 2. HP: 14/17 MP: 0/5
   579 | D:1      | Reached skill level 4 in Poison Magic
   579 | D:1      | Reached XP level 3. HP: 11/21 MP: 2/6
  1211 | D:2      | Found a radiant altar of Vehumet.
  1223 | D:2      | Became a worshipper of Vehumet
  1237 | D:2      | Reached XP level 4. HP: 24/27 MP: 3/7
  1486 | D:2      | Learned a level 2 spell: Poisonous Vapours
  1544 | D:2      | Noticed Jessica
  1557 | D:2      | Killed Jessica
  1772 | D:2      | Reached XP level 5. HP: 31/31 MP: 4/9
  1977 | D:3      | Noticed an ogre
  1990 | D:3      | Slain by an ogre

Vault maps used:
D:1:      ldierk_walled_garden
D:2:      lemuel_round_altar, uniq_jessica
D:3:      tso_altar, first_bread

Skill      XL: |  1  2  3  4  5 |
---------------+----------------+-----
Conjurations   | 2 3 |  3.1
Poison Magic   | 4 |  4.9
Spellcasting   | 3 |  3.0
Dodging        | |  2.0
Stealth        | |  2.6

Action                   |  1- 3 |  4- 6 || total
-------------------------+-------+-------++-------
Melee: Unarmed           |     9 |       ||     9
       Constrict         |    10 |     5 ||    15
       Tentacles         |     7 |     3 ||    10
       Dagger            |    17 |    10 ||    27
Throw: Stone             |     1 |       ||     1
 Cast: Sting             |    56 |     4 ||    60
       Poisonous Vapours |       |    17 ||    17
 Stab: Sleeping          |       |     1 ||     1
  Eat: Chunk             |     1 |     3 ||     4
Armor: Skin              |     3 |       ||     3
Dodge: Dodged            |    29 |     4 ||    33
